 Dungeon Crawl Stone Soup version 0.29-a0-555-g3b24f45cc1 (webtiles) character file.

Game seed: 15027902700657551576

240 Hubjo the Insei (level 5, -25/41 HPs)
             Began as a Demonspawn Transmuter on June 7, 2022.
             Was an Initiate of Yredelemnul.
             Engulfed by a cloud of flame (30 damage)
             ... on level 3 of the Dungeon.
             The game lasted 00:03:54 (2247 turns).

Hubjo the Insei (Demonspawn Transmuter)             Turns: 2247, Time: 00:03:54

Health: -25/41     AC:  2    Str: 10    XL:     5   Next: 79%
Magic:  9/9        EV: 12    Int: 14    God:    Yredelemnul [......]
Gold:   209        SH:  0    Dex: 16    Spells: 8/9 levels left

rFire   x . .      SeeInvis .   n - +7 scythe (freeze)
rCold   + . .      Faith    .   (shield currently unavailable)
rNeg    + . .      Spirit   .   s - +0 robe {rN+}
rPois   .          Reflect  .   (no helmet)
rElec   .          Harm     .   (no cloak)
rCorr   .          Rampage  .   (no gloves)
Will    .....                   (no boots)
Stlth   ++........              (no amulet)
HPRegen 0.13/turn               e - ring of ice
MPRegen 0.11/turn               (no ring)

@: no status effects
A: hooves 1, demonic guardian 1, powered by death 1, weakness stinger 1
a: Renounce Religion, Recall Undead Harvest


You were on level 3 of the Dungeon.
You worshipped Yredelemnul.
Yredelemnul was noncommittal.
You visited 1 branch of the dungeon, and saw 3 of its levels.

You collected 209 gold pieces.

Inventory:

Hand Weapons
 n - a +7 scythe of freezing (weapon)
Armour
 a - a +0 robe
 f - an orb of wrath
 s - a +0 robe of positive energy (worn)
Jewellery
 e - a ring of ice (left hand)
Scrolls
 c - 2 scrolls of fog {unknown}
 d - 3 scrolls of poison {unknown}
 g - a scroll of fear {unknown}
 h - 2 scrolls of immolation {unknown}
 i - 2 scrolls of amnesia {unknown}
 m - a scroll of vulnerability {unknown}
 o - 2 scrolls of blinking {unknown}
 q - a scroll of enchant armour {unknown}
 r - 2 scrolls of identify {unknown}
Potions
 b - 3 potions of lignification
 j - a potion of heal wounds {unknown}
 k - a potion of ambrosia {unknown}
 l - a potion of resistance {unknown}
 p - a potion of curing {unknown}
 t - a potion of might {unknown}


   Skills:
 + Level 3.4 Fighting
 + Level 0.2 Polearms
 - Level 1.7 Dodging
 + Level 2.0 Stealth
 - Level 3.4 Unarmed Combat
 + Level 2.8 Spellcasting
 + Level 2.7 Transmutations


You had 8 spell levels left.
You knew the following spells:

 Your Spells              Type           Power      Damage    Failure   Level
a - Beastly Appendage     Tmut           18%        N/A       7%          1

Your spell library contained the following spells:

 Spells                   Type           Power      Damage    Failure   Level
 Wereblood                Tmut           9%         N/A       11%         2
 Spider Form              Tmut/Pois      5%         N/A       36%         3
 Ignite Poison            Fire/Tmut/Pois 4%         N/A       41%         3
 Mephitic Cloud           Conj/Pois/Air  1%         N/A       54%         3
 Ice Form                 Ice/Tmut       8%         N/A       77%         4
 Freezing Cloud           Conj/Ice/Air   1%         6-21      99%         5


Dungeon Overview and Level Annotations

Branches:
Dungeon (3/15)

Altars:
Qazlal
Uskayaw
Xom
Yredelemnul

Shops:
D:1 *[([*


Innate Abilities, Weirdness & Mutations

You have large cloven feet.
A weak demonic guardian rushes to your aid.
You regenerate a little health from kills.
You have a small tail.


Message History

A dart slug is nearby!
A dart slug is nearby!
You reach to attack!
You slash the dart slug! You freeze the dart slug.
You kill the dart slug!
The dead are slithering!
No target in view!
No target in view!
No target in view!
You swap places.
Key pressed, stopping explore.
Found a stone staircase leading up.
You swap places.
Found a stone staircase leading down.
You're in a travel-excluded area, stopping explore.
You're in a travel-excluded area, stopping explore.
You're in a travel-excluded area, stopping explore.
You're in a travel-excluded area, stopping explore.
You're in a travel-excluded area, stopping explore.
You're in a travel-excluded area, stopping explore.
You're in a travel-excluded area, stopping explore.
You're in a travel-excluded area, stopping explore.
You're in a travel-excluded area, stopping explore.
Really walk into that cloud of flame? [Y]es or [N]o only, please.
Really walk into that cloud of flame? [Y]es or [N]o only, please.
Really walk into that cloud of flame?
Okay, then.
Really walk into that cloud of flame?
You are engulfed in blazing flames.
Ouch! That really hurt!
* * * LOW HITPOINT WARNING * * *
A demonic guardian appears!
Your bat zombie is engulfed in blazing flames. x2
Your bat zombie is destroyed!
t - a bubbling ruby potion You are engulfed in blazing flames.
Ouch! That really hurt!
You die...
Your body rises from the dead as a mindless zombie.

.########...#.#<....#
#.............#######
#.............#
#Z............####
#................#
Z...........>.##.##
###############...# #
####### #§§§# #
#.....# #☼@§# #
#.##### #§○☼# # #.#
#####..5# # #.#
.§§..$$.. # #Z#
.§§§.$$..§
#####.####.§§§...(.§§
..Z.......#####...####
#########.# #§.§# #.#
Z§§#


You could see a friendly iron imp (summoned).

Vanquished Creatures
  Sigmund (D:2)
  2 adders (D:2)
  2 worms
  3 dart slugs
  3 endoplasms
  10 goblins
  7 hobgoblins
  4 quokkas
  2 ball pythons
  3 bats
  3 frilled lizards
  5 kobolds
  A rat (D:2)
46 creatures vanquished.

Vanquished Creatures (collateral kills)
  An orc (D:3)
  A ball python (D:1)
  2 bats
  An endoplasm (D:2)
  A goblin (D:1)
  A hobgoblin (D:1)
  A kobold (D:2)
8 creatures vanquished.

Vanquished Creatures (others)
  3 bat zombies
  An endoplasm zombie (D:3)
  A goblin (D:3)
  3 goblin zombies
  A fungus (D:1)
  6 plants (D:1)
15 creatures vanquished.

Grand Total: 69 creatures vanquished

Notes
Turn   | Place    | Note
-------+----------+-------------------------------------------
     0 | D:1      | Hubjo the Demonspawn Transmuter began the quest for the
                  | Orb.
     0 | D:1      | Reached XP level 1. HP: 15/15 MP: 3/3
    88 | D:1      | Found Jyplutwike's Assorted Antiques.
   133 | D:1      | Found Toss's Weapon Shoppe.
   249 | D:1      | Discovered your monstrous ancestry.
   249 | D:1      | Gained mutation: You have a small tail. [demonic ancestry]
   249 | D:1      | Reached XP level 2. HP: 21/21 MP: 3/5
   281 | D:1      | Found Fytox's Antique Armour Boutique.
   378 | D:1      | Found Orheweot's General Store.
   419 | D:1      | Found a faded altar of an unknown god.
   429 | D:1      | Prayed at the altar of an unknown god.
   429 | D:1      | Became a worshipper of Yredelemnul the Dark
   508 | D:1      | Found Pitihen's Armour Shoppe.
   551 | D:1      | Reached * piety under Yredelemnul
   756 | D:1      | Gained mutation: You regenerate a little health from kills.
                  | [demonic ancestry]
   756 | D:1      | Reached XP level 3. HP: 23/27 MP: 6/6
   982 | D:2      | Reached skill level 1 in Stealth
  1275 | D:2      | Found a hide-covered altar of Uskayaw.
  1393 | D:2      | Gained mutation: A weak demonic guardian rushes to your
                  | aid. [demonic ancestry]
  1393 | D:2      | Reached XP level 4. HP: 34/34 MP: 5/7
  1439 | D:2      | Noticed Sigmund
  1446 | D:2      | Killed Sigmund
  1447 | D:2      | Lost mutation: You have razor-sharp toenails. [demonic
                  | ancestry]
  1447 | D:2      | Lost mutation: You have sharp toenails. [demonic ancestry]
  1447 | D:2      | Gained mutation: You have large cloven feet. [demonic
                  | ancestry]
  1447 | D:2      | Reached XP level 5. HP: 41/41 MP: 6/9
  1453 | D:2      | Reached ** piety under Yredelemnul
  1838 | D:3      | Found a stormy altar of Qazlal.
  1844 | D:3      | Found a shimmering altar of Xom.
  2247 | D:3      | Engulfed by a cloud of flame

Illustrated notes

Levels and vault maps discovered:
D:1:      eino_arrival_water_cross, layout_basic,
          shapermc_ecumenical_altar_mp_ritualfount, serial_shops, shop,
          nicolae_diamond_shop, shop, nicolae_shop_bloodbath_and_beyond, shop
D:2:      layout_rooms, basic_altar, minmay_pentomino_w2, uniq_sigmund
D:3:      layout_basic, jmf_multi_god_temple, chequers_serial_rivers_small_3,
          minmay_misc_feat_rows, lemuel_flame_loot_1

Skill      XL: |  1  2  3  4  5 |
---------------+----------------+-----
Transmutations | 2 |  2.7
Unarmed Combat | 3 |  3.4
Fighting       | 2 3 |  3.4
Stealth        | 1 2 |  2.0
Polearms       | |  0.2
Dodging        | |  1.7
Spellcasting   | |  2.8

Action                   |  1- 3 |  4- 6 || total
-------------------------+-------+-------++-------
Melee: Unarmed           |    77 |     5 ||    82
       Kick              |    19 |     5 ||    24
       Headbutt          |     8 |     1 ||     9
       Tailslap          |     6 |       ||     6
       Scythe            |       |    16 ||    16
 Cast: Beastly Appendage |    26 |     2 ||    28
 Stab: Sleeping          |     1 |     2 ||     3
Armor: Robe              |    14 |     2 ||    16
Dodge: Dodged            |    54 |     9 ||    63

Table legend: (Time is in decaauts)
 A = Elapsed time spent in this place.
 B = Non-inter-level travel time spent in this place.
 C = Inter-level travel time spent in this place.
 D = Time resting spent in this place.
 E = Time spent auto-exploring this place.
 F = Levels seen in this place.
 G = Mean time per level.
                   A        B        C        D        E       F      G
               +--------+--------+--------+--------+--------+-----+--------+
         Total |   2287 |   2225 |     62 |      0 |   1833 |   3 |  762.3 |
       Dungeon |   2287 |   2225 |     62 |      0 |   1833 |   3 |  762.3 |
               +--------+--------+--------+--------+--------+-----+--------+

Top non-repeatable levels by time:
     D:1: 883 daAuts
     D:2: 720 daAuts
     D:3: 683 daAuts
